 Seeded DCSS version 0.28-a0-1033-g1a2f33fa85 (webtiles) character file.

Game seed: 3527403583651477610 (custom seed)

53 croobank the Digger (level 3, 0/26 HPs)
             Began as a Gnoll Earth Elementalist on Dec 7, 2021.
             Slain by Terence (10 damage)
             ... on level 3 of the Dungeon.
             The game lasted 00:14:52 (3494 turns).

croobank the Digger (Gnoll Earth Elementalist)      Turns: 3494, Time: 00:14:53

Health: 0/26       AC:  4    Str:  9    XL:     3   Next: 87%
Magic:  0/9        EV: 12    Int: 14    God:
Gold:   78         SH:  0    Dex: 12    Spells: 11/12 levels left

rFire   . . .      SeeInvis .   a - +2 dagger (venom)
rCold   . . .      Faith    .   (no shield)
rNeg    . . .      Spirit   .   d - +0 leather armour
rPois   .          Reflect  .   (no helmet)
rElec   .          Harm     .   p - +0 cloak
rCorr   .          Rampage  .   (no gloves)
Will    .....                   (no boots)
Stlth   ++........              (no amulet)
HPRegen 0.08/turn               (no ring)
MPRegen 0.11/turn               (no ring)

@: no status effects
A: fangs 1, strong nose, distributed training
a: no special abilities


You were on level 3 of the Dungeon.
You visited 1 branch of the dungeon, and saw 3 of its levels.

You collected 119 gold pieces.
You spent 41 gold pieces at shops.

Inventory:

Hand Weapons
 a - a +2 dagger of venom (weapon)
 b - a +0 hunting sling
 o - a +0 falchion
Missiles
 c - 19 stones
 i - 13 sling bullets
 l - 8 arrows
 m - 9 javelins
Armour
 d - a +0 leather armour (worn)
 e - a +0 plate armour
 n - a +0 robe
 p - a +0 cloak (worn)
Magical Staves
 h - a staff of conjuration
Scrolls
 f - 2 scrolls of fog {fog, unknown}
 g - a scroll of immolation {immolation, unknown}
 j - a scroll of identify {identify, unknown}
 q - a scroll of amnesia {amnesia, unknown}
Potions
 k - a potion of might {might, unknown}
 s - a potion of resistance {resistance, unknown}


   Skills:
 + Level 1.0 Fighting
 + Level 1.0 Short Blades
 + Level 1.0 Long Blades
 + Level 1.0 Axes
 + Level 1.0 Maces & Flails
 + Level 1.0 Polearms
 + Level 1.0 Staves
 + Level 1.0 Slings
 + Level 1.0 Bows
 + Level 1.0 Crossbows
 + Level 1.0 Throwing
 + Level 1.0 Armour
 + Level 4.6 Dodging
 + Level 4.2 Stealth
 + Level 1.0 Shields
 + Level 1.0 Unarmed Combat
 + Level 5.0 Spellcasting
 + Level 0.7 Conjurations
 + Level 0.7 Hexes
 + Level 0.7 Summonings
 + Level 0.7 Necromancy
 + Level 0.7 Translocations
 + Level 2.1 Transmutations
 + Level 0.7 Fire Magic
 + Level 0.7 Ice Magic
 + Level 0.7 Air Magic
 + Level 5.4 Earth Magic
 + Level 0.7 Poison Magic
 + Level 1.0 Invocations
 + Level 1.0 Evocations


You had 11 spell levels left.
You knew the following spells:

 Your Spells              Type           Power      Damage    Failure   Level
a - Sandblast             Erth           36%        2d10      2%          1

Your spell library contained the following spells:

 Spells                   Type           Power      Damage    Failure   Level
 Passwall                 Tmut/Erth      11%        N/A       8%          2
 Stone Arrow              Conj/Erth      24%        3d8       21%         3
 Petrify                  Tmut/Erth      14%        N/A       45%         4


Dungeon Overview and Level Annotations

Branches:
Dungeon (3/15)

Altars:
Dithmenos

Shops:
D:1 *

Annotations:
D:3 Grinder; Natasha; Terence; croobank's ghost, weakling GnMo


Innate Abilities, Weirdness & Mutations

You have very sharp teeth.
Your uncanny sense of smell can sniff out nearby items.
Your experience applies equally to all skills.


Message History

Press: ? - help, Q - select action, (/) - cycle Shift-Dir - straight line, f/p - Terence
Aim: Terence, wielding a +0 flail and wearing a +0 scale mail (moderately wounded, 82% to hit)
The blast of sand hits Terence but does no damage.
Terence is moderately wounded.
Terence misses you.
Aiming: Sandblast (safe; 2% risk of failure)
Press: ? - help, Q - select action, (/) - cycle Shift-Dir - straight line, f/p - Terence
Aim: Terence, wielding a +0 flail and wearing a +0 scale mail (moderately wounded, 82% to hit)
The blast of sand hits Terence.
Terence is severely wounded.
Terence hits you with a +0 flail.
Aiming: Sandblast (safe; 2% risk of failure)
Press: ? - help, Q - select action, (/) - cycle Shift-Dir - straight line, f/p - Terence
Aim: Terence, wielding a +0 flail and wearing a +0 scale mail (severely wounded, 82% to hit)
The blast of sand hits Terence but does no damage.
Terence is severely wounded.
Terence completely misses you.
Aiming: Sandblast (safe; 2% risk of failure)
Press: ? - help, Q - select action, (/) - cycle Shift-Dir - straight line, f/p - Terence
Aim: Terence, wielding a +0 flail and wearing a +0 scale mail (severely wounded, 82% to hit)
The blast of sand hits Terence.
Terence is severely wounded.
Terence hits you with a +0 flail.
You don't have enough magic to cast this spell.
You don't have enough magic to cast this spell.
Your +2 dagger of venom begins to drip with poison!
a - a +2 dagger of venom (weapon)
You closely miss Terence.
Terence is severely wounded.
Terence misses you.
You hit Terence but do no damage. Your bite misses Terence.
Terence is severely wounded.
Terence barely misses you.
You hit Terence but do no damage.
Terence is poisoned.
Terence is severely wounded.
Terence hits you with a +0 flail.
You hit Terence but do no damage.
Terence looks even sicker.
Terence is almost dead.
Terence hits you with a +0 flail!
You die...

### # #.#
#(.###.# #......#
#.####.# #@# #.#
#@# ## #.# #.#
#.# ...#.# #.#
#.# #..#.#
#.####.# #..#.#
#.#....#
#..#.#####.##.###
#..........##.#
###†#..........#
...........##..#


You could see Terence (very poisoned).

Vanquished Creatures
  A worm (D:2)
  2 dart slugs (D:1)
  3 endoplasms
  3 giant cockroaches
  5 goblins
  5 hobgoblins
  3 jackals (D:1)
  3 kobolds
  4 quokkas
  3 ball pythons
  5 bats
  A frilled lizard (D:1)
  3 rats (D:1)
41 creatures vanquished.

Notes
Turn   | Place    | Note
-------+----------+-------------------------------------------
     0 | D:1      | croobank the Gnoll Earth Elementalist began the quest for
                  | the Orb.
     0 | D:1      | Reached XP level 1. HP: 13/13 MP: 6/6
   367 | D:2      | Found a shadowy altar of Dithmenos.
   466 | D:2      | Reached XP level 2. HP: 18/19 MP: 5/7
   969 | D:1      | Reached XP level 3. HP: 23/25 MP: 6/9
   978 | D:1      | Reached skill level 5 in Spellcasting
  1595 | D:1      | Found Eheaneh's General Store.
  1601 | D:1      | Bought a +0 hunting sling for 16 gold pieces
  1601 | D:1      | Bought 23 stones for 25 gold pieces
  1622 | D:1      | Reached skill level 1 in Invocations
  2485 | D:3      | Noticed croobank's ghost (weakling GnMo)
  2485 | D:3      | Noticed a scorpion
  2500 | D:3      | Noticed Grinder
  2501 | D:3      | Noticed Natasha
  3429 | D:3      | Reached skill level 1 in Fighting
  3429 | D:3      | Reached skill level 1 in Short Blades
  3429 | D:3      | Reached skill level 1 in Long Blades
  3429 | D:3      | Reached skill level 1 in Axes
  3429 | D:3      | Reached skill level 1 in Maces & Flails
  3429 | D:3      | Reached skill level 1 in Polearms
  3429 | D:3      | Reached skill level 1 in Staves
  3429 | D:3      | Reached skill level 1 in Slings
  3429 | D:3      | Reached skill level 1 in Bows
  3429 | D:3      | Reached skill level 1 in Crossbows
  3429 | D:3      | Reached skill level 1 in Throwing
  3429 | D:3      | Reached skill level 1 in Armour
  3429 | D:3      | Reached skill level 1 in Shields
  3429 | D:3      | Reached skill level 1 in Unarmed Combat
  3429 | D:3      | Reached skill level 1 in Evocations
  3472 | D:3      | Noticed Terence
  3494 | D:3      | Slain by Terence

Illustrated notes

Levels and vault maps discovered:
D:1:      dpeg_arrival_chambers_temple_mockup, layout_loops_ring, serial_shops,
          shop_fountains
D:2:      mumra_celtic_spiral_tile, layout_basic, basic_altar
D:3:      layout_basic, hellmonk_ecumenical_altar_crossroads,
          gammafunk_ghost_split, uniq_terence, uniq_natasha, uniq_grinder

Skill      XL: |  1  2  3 |
---------------+----------+-----
Transmutations | 2 |  2.1
Spellcasting   | 5 |  5.0
Invocations    | 1 |  1.0
Fighting       | 1 |  1.0
Short Blades   | 1 |  1.0
Long Blades    | 1 |  1.0
Axes           | 1 |  1.0
Maces & Flails | 1 |  1.0
Polearms       | 1 |  1.0
Staves         | 1 |  1.0
Slings         | 1 |  1.0
Bows           | 1 |  1.0
Crossbows      | 1 |  1.0
Throwing       | 1 |  1.0
Armour         | 1 |  1.0
Shields        | 1 |  1.0
Unarmed Combat | 1 |  1.0
Evocations     | 1 |  1.0
Dodging        | |  4.6
Stealth        | |  4.2
Conjurations   | |  0.7
Hexes          | |  0.7
Summonings     | |  0.7
Necromancy     | |  0.7
Translocations | |  0.7
Fire Magic     | |  0.7
Ice Magic      | |  0.7
Air Magic      | |  0.7
Earth Magic    | |  5.4
Poison Magic   | |  0.7

Action                   || total
-------------------------++-------
Melee: Unarmed           ||    12
       Staff             ||    70
       Bite              ||     8
       Dagger            ||    12
       Falchion          ||     5
 Fire: Hunting sling     ||    11
 Cast: Sandblast         ||    38
  Use: Potion            ||     1
 Stab: Sleeping          ||     6
Armor: Leather armour    ||    31
Dodge: Dodged            ||    71

Table legend: (Time is in decaauts)
 A = Elapsed time spent in this place.
 B = Non-inter-level travel time spent in this place.
 C = Inter-level travel time spent in this place.
 D = Time resting spent in this place.
 E = Time spent auto-exploring this place.
 F = Levels seen in this place.
 G = Mean time per level.
                   A        B        C        D        E       F      G
               +--------+--------+--------+--------+--------+-----+--------+
         Total |   3504 |   3430 |     74 |    918 |   1869 |   3 | 1168.0 |
       Dungeon |   3504 |   3430 |     74 |    918 |   1869 |   3 | 1168.0 |
               +--------+--------+--------+--------+--------+-----+--------+

Top non-repeatable levels by time:
     D:1: 1729 daAuts
     D:2: 1673 daAuts
     D:3: 101 daAuts
